 Dungeon Crawl Stone Soup version 0.20.1-1-g8b1a95d66d (webtiles) character file.

193 Jynx the Chiller (level 5, 0/38 HPs)
             Began as a Draconian Ice Elementalist on Dec 19, 2017.
             Slain by an orc wizard
             ... wielding a cursed +0 dagger
              (3 damage)
             ... on level 3 of the Dungeon.
             The game lasted 00:07:11 (2344 turns).

Jynx the Chiller (Draconian Ice Elementalist)       Turns: 2344, Time: 00:07:12

Health: 0/38       AC:  5    Str: 11    XL:     5   Next: 43%
Magic:  5/9        EV: 12    Int: 16    God:
Gold:   98         SH:  0    Dex: 11    Spells: 5/9 levels left

rFire    . . .     SeeInvis .   i - +2 dagger (distort)
rCold    . . .     Gourm    .   (no shield)
rNeg     . . .     Faith    .   (armour unavailable)
rPois    .         Spirit   .   (helmet restricted)
rElec    .         Reflect  .   (no cloak)
rCorr    .         Harm     .   (no gloves)
MR       .....                  (no boots)
Stlth    ++........             (no amulet)
Regen    0.2/turn               (no ring)
MPRegen  0.2/turn               (no ring)

@: no status effects
A: unfitting armour, cold-blooded, AC +5
a: no special abilities


You were on level 3 of the Dungeon.
You were not hungry.

You visited 1 branch of the dungeon, and saw 3 of its levels.

You collected 98 gold pieces.

Inventory:

Hand Weapons
 i - a +2 dagger of distortion (weapon)
Jewellery
 l - a cursed ring of resist corrosion
 t - an uncursed ring of ice {unknown}
Wands
 u - a wand of iceblast (8/15)
Scrolls
 c - a scroll of blinking {unknown}
 h - 2 scrolls of enchant armour
 j - a scroll of remove curse {unknown}
 k - a scroll of fear {unknown}
 m - a scroll of enchant weapon {unknown}
 n - a scroll of teleportation {unknown}
 o - a scroll of identify
 v - a scroll of recharging {unknown}
 w - a scroll of random uselessness {unknown}
Potions
 d - a potion of agility
 e - 4 potions of haste {unknown}
 g - a potion of lignification {unknown}
 p - a potion of curing {unknown}
 q - a potion of brilliance {unknown}
 s - a potion of might {unknown}
Books
 a - a book of Frost

   Spells                             Type                      Level
   a - Freeze                         Ice                          1
   b - Throw Frost                    Conjuration/Ice              2
   c - Ozocubu's Armour               Charms/Ice                   3
   d - Throw Icicle                   Conjuration/Ice              4
   e - Summon Ice Beast               Ice/Summoning                4
Comestibles
 b - 2 bread rations
 f - 6 fruits


   Skills:
 + Level 1.8 Short Blades
 - Level 1.7 Dodging
 - Level 2.5 Stealth
 - Level 2.9 Spellcasting
   Level 1.0 Conjurations
 * Level 4.8 Ice Magic


You had 5 spell levels left.
You knew the following spells:

 Your Spells              Type           Power        Failure   Level  Hunger
a - Freeze                Ice            ###.         2%          1    #......
b - Ozocubu's Armour      Chrm/Ice       ##......     21%         3    ###....


Dungeon Overview and Level Annotations

Branches:
Dungeon (3/15)

Altars:
Kikubaaqudgha
Qazlal
Sif Muna

Annotations:
D:3 Natasha


Innate Abilities, Weirdness & Mutations

Your plain brown scales are hard. (AC +5)
You cannot fit into any form of body armour.
You are cold-blooded and may be slowed by cold attacks.


Message History

Casting: Freeze
Confirm with . or Enter, or press ? or * to list all spells.
Aiming: Freeze
Press: ? - help, Shift-Dir - straight line You freeze something.
Something hits you.
* * * LOW HITPOINT WARNING * * *
Casting: Freeze
Confirm with . or Enter, or press ? or * to list all spells.
Aiming: Freeze
Press: ? - help, Shift-Dir - straight line You freeze something.
Something hits you.
* * * LOW HITPOINT WARNING * * *
Casting: Freeze
Confirm with . or Enter, or press ? or * to list all spells.
Aiming: Freeze
Press: ? - help, Shift-Dir - straight line You freeze something.
The jelly hits the withered plant but does no damage.
Something hits you.
You die...

#.# .# ... P....#.# .# .PP.
#....#.# ##.### ....##.._.#.#
.....# #..P.#... #.# .....#.
##..P.... #.# ....... ......w.#
#.# .....# #..J{P###)#### ##
.....# #P@.......# #. ##.######
##.##..##.########. ####....##
#.##...........##. .##......####
#.##.###.#####.##.
.#.......†.†####.#...##.#####.##.
.#........#†...............##.##.
.#........#...####...##..........
..........#....#.......<#####....
###......##......##.###.# #.##.


You could see a worm and a jelly.

Vanquished Creatures
  An orc wizard (D:3)
  Natasha (D:3)
  5 adders
  A dart slug (D:2)
  2 leopard geckos
  3 orcs (D:3)
  6 bats
  13 giant cockroaches
  3 goblins
  7 hobgoblins
  4 jackals (D:1)
  7 kobolds
  4 frilled lizards
  9 rats
66 creatures vanquished.

Vanquished Creatures (others)
  A worker ant (D:3)
1 creature vanquished.

Grand Total: 67 creatures vanquished

Notes
Turn   | Place    | Note
-------+----------+-------------------------------------------
     0 | D:1      | Jynx the Draconian Ice Elementalist began the quest for the Orb.
     0 | D:1      | Reached XP level 1. HP: 14/14 MP: 3/3
   277 | D:1      | Reached XP level 2. HP: 20/20 MP: 5/5
  1071 | D:2      | Reached XP level 3. HP: 21/26 MP: 6/6
  1100 | D:2      | Learned a level 3 spell: Ozocubu's Armour
  1261 | D:2      | Reached skill level 4 in Ice Magic
  1329 | D:2      | Found a stormy altar of Qazlal.
  1528 | D:3      | Reached XP level 4. HP: 33/33 MP: 6/8
  1926 | D:3      | Found a deep blue altar of Sif Muna.
  1958 | D:3      | Noticed Natasha
  1963 | D:3      | Killed Natasha
  1963 | D:3      | Reached skill level 1 in Short Blades
  1995 | D:3      | Noticed Natasha
  2245 | D:3      | Reached XP level 5. HP: 36/38 MP: 9/9
  2329 | D:3      | Found an ancient bone altar of Kikubaaqudgha.
  2344 | D:3      | Slain by an orc wizard

Skill      XL: |  1  2  3  4 |
---------------+-------------+-----
Ice Magic      | 4 |  4.8
Stealth        | 2 |  2.5
Short Blades   | 1 |  1.8
Dodging        | |  1.7
Spellcasting   | |  2.9
Conjurations   | |  1.0

Action                   |  1- 3 |  4- 6 || total
-------------------------+-------+-------++-------
Melee: Short sword       |    43 |       ||    43
       Unarmed           |     3 |       ||     3
       Tailslap          |     3 |     5 ||     8
       Dagger            |    28 |    71 ||    99
 Cast: Freeze            |    21 |    10 ||    31
  Use: Scroll            |     2 |       ||     2
 Stab: Sleeping          |     6 |       ||     6
  Eat: Chunk             |     2 |     3 ||     5
Armor: Skin              |    24 |    30 ||    54
Dodge: Dodged            |    61 |    42 ||   103
